 Dungeon Crawl Stone Soup version 0.30.1-11-g7821555f0a (webtiles) character file.

Game seed: 2900938690849016351

662 Okkudo the Cleaver (level 7, 0/57 HPs)
             Began as a Hill Orc Monk on Nov 29, 2023.
             Was a Believer of Beogh.
             Succumbed to a gnoll sergeant's poison
             ... on level 5 of the Dungeon.
             The game lasted 00:11:47 (3975 turns).

Okkudo the Cleaver (Hill Orc Monk)                  Turns: 3975, Time: 00:11:48

Health: 0/57       AC: 13    Str: 16    XL:     7   Next: 56%
Magic:  7/7        EV: 10    Int: 16    God:    Beogh [**....]
Gold:   136        SH:  0    Dex: 13    Spells: 6/6 levels left

rFire   . . .        i - +0 war axe
rCold   . . .        d - orb {light}
rNeg    . . .        n - +0 scale mail
rPois   .            (no helmet)
rElec   .            b - +0 cloak
rCorr   .            (no gloves)
SInv    .            l - +0 pair of boots
Will    .....        (no amulet) Stlth
                     u - +6 ring of intelligence
HPRegen 0.29/turn    v - +4 ring of protection
MPRegen 0.10/turn

%: no passive effects
@: lethally poisoned (0 -> -13), glowing
A: no striking features
a: Renounce Religion, Smiting


You were on level 5 of the Dungeon.
You worshipped Beogh.
Beogh was pleased with you.
You visited 1 branch of the dungeon, and saw 5 of its levels.

You collected 256 gold pieces.
You spent 120 gold pieces at shops.

Inventory:

Hand Weapons
 i - a +0 war axe (weapon)
Missiles
 D - 5 poisoned darts (quivered)
Armour
 b - a +0 cloak (worn)
 d - an orb of light (worn)
 l - a +0 pair of boots (worn)
 n - a +0 scale mail (worn)
Jewellery
 e - a ring of wizardry
 g - a ring of magical power
 u - a +6 ring of intelligence (left hand)
 v - a +4 ring of protection (right hand)
Scrolls
 a - a scroll of teleportation {unknown}
 h - 3 scrolls of poison
 k - a scroll of amnesia {unknown}
 m - a scroll of butterflies
 o - a scroll of immolation {unknown}
 p - a scroll of brand weapon {unknown}
 q - a scroll of identify {unknown}
 r - a scroll of acquirement {unknown}
 y - a scroll of enchant weapon {unknown}
 z - a scroll of torment {unknown}
Potions
 c - a potion of cancellation {unknown}
 f - a potion of lignification {unknown}
 j - 2 potions of attraction {unknown}
 s - a potion of might {unknown}
 t - 3 potions of heal wounds {unknown}
 w - a potion of brilliance {unknown}
 x - 4 potions of degeneration {unknown}
 A - a potion of flight {unknown}
 B - a potion of curing {unknown}
 C - a potion of invisibility {unknown}


   Skills:
 - Level 3.6 Fighting
 * Level 10.1 Axes
 + Level 3.7 Armour
 - Level 2.4 Dodging


You had 6 spell levels left.
You didn't know any spells.
Your spell library contained the following spells:

 Spells                   Type           Power      Damage    Failure   Level
 Apportation              Tloc           0%         N/A       65%         1
 Lesser Beckoning         Tloc           0%         N/A       78%         2
 Tukima's Dance           Hex            0%         N/A       95%         3
 Vhi's Electric Charge    Tloc/Air       0%         N/A       95%         3
 Flame Wave               Conj/Fire      0%         2d4       100%        4
 Passage of Golubria      Tloc           0%         N/A       100%        4
 Alistair's Intoxication  Tmut/Pois      0%         N/A       100%        5
 Yara's Violent Unravell  Hex/Tmut       0%         3d3       100%        5
 Plasma Beam              Fire/Air       0%         2x1d11    100%        6


Dungeon Overview and Level Annotations

Branches:
Dungeon (5/15)
 Temple: D:4-7

Altars:
Ashenzari
Cheibriados
Dithmenos
Okawaru
Zin

Shops:
D:3 (?((*


Message History

You barely miss the gnoll.
The gnoll is severely wounded.
You feel sick.
You are no longer poisoned.
The gnoll barely misses you.
You slash the gnoll!
You kill the gnoll!
Beogh accepts your kill. The gnoll hits you but does no damage.
Found a scroll labelled KAIHOD YN IGG.
Found a stone staircase leading up.
The gnoll hits you but does no damage. The gnoll misses you.
The gnoll sergeant hits you from afar with a +2 spear of venom.
You are poisoned.
You feel very sick.
The gnoll sergeant hits you from afar with a +2 spear of venom!
You are lethally poisoned!
* * * LOW HITPOINT WARNING * * *
You feel extremely sick.
Found a broken altar of Ashenzari.
* * * LOW HITPOINT WARNING * * *
You feel very sick.
As you read the scroll labelled LOFOPOMU UPNI, it crumbles to dust.
You hear the flapping of tiny wings.
The gnoll is knocked back by the sudden gust.
It was a scroll of butterflies.
* * * LOW HITPOINT WARNING * * *
You feel very sick.
The gnoll hits your butterfly with a +0 flail!
Your butterfly dies!
Your butterfly disappears in a burst of colours!
The gnoll sergeant hits your butterfly with a +2 spear of venom.
Your butterfly dies!
Your butterfly disappears in a burst of colours!
The gnoll hits your butterfly with a +0 club.
Your butterfly dies!
Your butterfly disappears in a burst of colours!
You swap places.
You die...

### #..# #.#
##).#
#..###..## #
#..bbg## ..
##...## .#.#
#ggb## ._.b
##ggb?#
#.#bb###b.##.#
#..bbb@bb##
#.# #####bbb##
#<# ##b## #.#
### #.


You could see a gnoll sergeant (ally target) and 3 gnolls.

Vanquished Creatures
  Sigmund (D:5)
  An ogre (D:5)
  A scorpion (D:5)
  A jelly (D:5)
  A hound (D:5)
  4 iguanas
  3 adders
  7 gnolls
  A shadow imp (D:3)
  An ufetubus (D:4)
  3 worms (D:2)
  2 dart slugs (D:5)
  8 orcs (D:3)
  8 ball pythons
  6 endoplasms
  2 giant cockroaches (D:1)
  6 hobgoblins
  6 jackals
  4 kobolds (D:1)
  2 quokkas (D:1)
  8 bats
  3 goblins
  6 rats
85 creatures vanquished.

Notes
Turn   | Place    | Note
-------+----------+-------------------------------------------
     0 | D:1      | Okkudo the Hill Orc Monk began the quest for the Orb.
     0 | D:1      | Reached XP level 1. HP: 19/19 MP: 1/1
   131 | D:1      | Got the Volume of Incendiary Transportation
   206 | D:1      | Reached XP level 2. HP: 25/26 MP: 2/2
   313 | D:1      | Reached skill level 5 in Axes
   640 | D:1      | Reached XP level 3. HP: 31/31 MP: 3/3
  1144 | D:2      | Reached skill level 6 in Axes
  1309 | D:2      | Reached XP level 4. HP: 39/39 MP: 4/4
  1865 | D:3      | Found Wenow's Weapon Boutique.
  1969 | D:3      | Found Burek's Weapon Emporium.
  2031 | D:3      | Reached skill level 7 in Axes
  2115 | D:3      | Found Goofyumn's Assorted Antiques.
  2131 | D:3      | Bought an encrusted ivory ring for 120 gold pieces
  2155 | D:3      | Found Duudiapp's Weapon Emporium.
  2169 | D:3      | Found Gukkoxaj's Magic Scroll Shoppe.
  2268 | D:4      | Reached XP level 5. HP: 32/45 MP: 5/5
  2454 | D:4      | Found a shadowy altar of Dithmenos.
  2454 | D:4      | Found a snail-covered altar of Cheibriados.
  2454 | D:4      | Found a glowing silver altar of Zin.
  2645 | D:4      | Reached skill level 1 in Armour
  2653 | D:4      | Reached skill level 8 in Axes
  2973 | D:4      | Reached XP level 6. HP: 34/51 MP: 6/6
  3087 | D:4      | Found an iron altar of Okawaru.
  3300 | D:5      | Entered Level 5 of the Dungeon
  3300 | D:5      | Noticed Sigmund
  3338 | D:5      | Killed Sigmund
  3339 | D:5      | Reached skill level 9 in Axes
  3339 | D:5      | Reached XP level 7. HP: 35/57 MP: 7/7
  3423 | D:5      | Became a worshipper of Beogh the Brigand
  3423 | D:5      | Reached * piety under Beogh
  3423 | D:5      | Reached ** piety under Beogh
  3673 | D:5      | Reached skill level 10 in Axes
  3973 | D:5      | Found a broken altar of Ashenzari.
  3975 | D:5      | Succumbed to a gnoll sergeant's poison

Illustrated notes

Levels and vault maps discovered:
D:1:      erik_arrival_orb_chamber, layout_basic, minmay_split_cup_small
D:2:      layout_loops_ring, st_stairs_2, kennysheep_generic_room_6
D:3:      layout_loops_ring, serial_shops, nicolae_shop_trees,
          nicolae_shop_bloodbath_and_beyond, shop, nicolae_shop_trees, shop,
          kennysheep_decorative_pillar
D:4:      layout_loops_ring, kennysheep_okawaru_gauntlet,
          gammafunk_temple_overflow_claw
D:5:      layout_layer_cave, ashenzari_altar_1, hex_tiny, grunt_ministairs_14,
          minmay_door_square, hangedman_decor_push, kennysheep_generic_room_4,
          uniq_sigmund

Skill      XL: |  1  2  3  4  5  6  7 |
---------------+----------------------+-----
Axes           | 5 6 7 8 9 10 | 10.1
Armour         | 1 3 |  3.7
Fighting       | |  3.6
Dodging        | |  2.4

Action                     |  1- 3 |  4- 6 |  7- 9 || total
---------------------------+-------+-------+-------++-------
  Melee: Hand axe          |    21 |       |       ||    21
         War axe           |    67 |   104 |    29 ||   200
 Invoke: Convert to Beogh  |       |       |     1 ||     1
    Use: Scroll            |       |     1 |     1 ||     2
         Potion            |       |     1 |       ||     1
 Armour: Robe              |    11 |       |       ||    11
         Scale mail        |    17 |    63 |    18 ||    98
  Dodge: Dodged            |    59 |    83 |    19 ||   161
